 Dungeon Crawl Stone Soup version 0.27.1-34-g3ba077fa99 (webtiles) character file.

Game seed: 6309726939541869770

4054 hawla the Skirmisher (level 10, -3/88 HPs)
             Began as a White Draconian Conjurer on Jan 23, 2022.
             Was a Follower of Vehumet.
             Slain by a black bear (5 damage)
             ... on level 8 of the Dungeon.
             The game lasted 00:37:50 (11247 turns).

hawla the Skirmisher (White Draconian Conjurer)    Turns: 11247, Time: 00:37:50

Health: -3/88      AC:  7    Str:  9    XL:     10   Next: 4%
Magic:  12/19      EV: 12    Int: 22    God:    Vehumet [*.....]
Gold:   348        SH:  6    Dex: 10    Spells: 14/21 levels left

rFire    + . .     SeeInvis .   r - +0 whip (flame)
rCold    + + .     Faith    .   k - +2 buckler
rNeg     . . .     Spirit   .   (armour unavailable)
rPois    .         Reflect  .   (helmet restricted)
rElec    .         Harm     .   (no cloak)
rCorr    .         Rampage  .   (no gloves)
Will     .....                  (no boots)
Stlth    ++........             (no amulet)
HPRegen  0.24/turn              m - ring of protection from cold
MPRegen  0.16/turn              i - ring of protection from fire

@: about to teleport
A: breathe frost, AC +7, unfitting armour, cold resistance 1, cold-blooded
a: Breathe Frost, Renounce Religion


You were on level 8 of the Dungeon.
You worshipped Vehumet.
Vehumet was aware of your devotion.
You visited 2 branches of the dungeon, and saw 9 of its levels.

You collected 348 gold pieces.

Inventory:

Hand Weapons
 n - a +0 mace of holy wrath
 r - a +0 whip of flaming (weapon)
Missiles
 b - 10 javelins (quivered)
 d - 6 datura-tipped darts
 o - 6 poisoned darts
 q - 2 throwing nets
Armour
 k - a +2 buckler (worn)
Jewellery
 i - a ring of protection from fire (right hand)
 m - a ring of protection from cold (left hand)
Wands
 g - a wand of iceblast (16)
Potions
 a - a potion of flight {unknown}
 c - a potion of brilliance
 e - a potion of curing
 h - 2 potions of might {unknown}
 j - a potion of ambrosia
 l - a potion of cancellation {unknown}
 p - a potion of berserk rage {unknown}
 s - a potion of heal wounds {unknown}


   Skills:
 + Level 7.7 Fighting
 + Level 1.4 Maces & Flails
 - Level 2.0 Dodging
 - Level 2.0 Stealth
 - Level 4.0 Shields
 - Level 6.0 Spellcasting
 - Level 6.0 Conjurations
 - Level 5.0 Translocations
 + Level 5.8 Ice Magic
 + Level 4.4 Air Magic
 - Level 2.0 Evocations


You had 14 spell levels left.
You knew the following spells:

 Your Spells              Type           Power      Damage    Failure   Level
a - Magic Dart            Conj           100%       1d8       1%          1
b - Searing Ray           Conj           66%        3d5       1%          2
c - Iskenderun's Mystic   Conj/Tloc      30%        2d8       10%         4

Your spell library contained the following spells:

 Spells                   Type           Power      Damage    Failure   Level
 Foxfire                  Conj/Fire      76%        2x1d7     2%          1
 Dazzling Flash           Conj/Hex       38%        N/A       8%          3
 Summon Small Mammal      Summ           24%        N/A       9%          1
 Call Canine Familiar     Summ           6%         N/A       26%         3
 Summon Guardian Golem    Hex/Summ       6%         N/A       26%         3
 Fulminant Prism          Conj/Hex       9%         3d7       26%         4


Dungeon Overview and Level Annotations

Branches:
Dungeon (8/15)             Temple (1/1) D:6            Lair (0/6) D:8

Altars:
Ashenzari
Cheibriados
Dithmenos
Elyvilon
Gozag
Hepliaklqana
Makhleb
Nemelex Xobeh
Okawaru
Qazlal
Sif Muna
Trog
Uskayaw
Vehumet
Wu Jian
Xom
Yredelemnul
Zin
The Shining One

Shops:
D:3 :   D:6 (

Annotations:
D:1 loot across fire
D:4 dig the books


Innate Abilities, Weirdness & Mutations

You can breathe waves of freezing cold which knock back foes.
Your icy white scales are hard. (AC +7)
You cannot fit into any form of body armour.
Your flesh is cold resistant. (rC+)
You are cold-blooded and may be slowed by cold attacks.


Message History

The wyvern is knocked back by the mystic blast.
The wyvern collides with the black bear!
You have turned to stone.
The wyvern completely misses you. The wyvern bites you!
The basilisk barely misses you.
The wyvern bites you but does no damage.
The basilisk bites you!
A black bear comes into view.
The wyvern bites you. The basilisk bites you. The wyvern bites you!
The wyvern bites you but does no damage.
The basilisk bites you.
The wyvern bites you but does no damage.
The basilisk bites you. The wyvern barely misses you.
The black bear bites you but does no damage.
The black bear claws you but does no damage. x2
The wyvern bites you!
* * * LOW HITPOINT WARNING * * *
The basilisk gazes at you.
The black bear bites you but does no damage.
The black bear claws you.
* * * LOW HITPOINT WARNING * * *
The black bear claws you.
* * * LOW HITPOINT WARNING * * *
The black bear growls angrily.
You hear a howl!
The wyvern bites you!
* * * LOW HITPOINT WARNING * * *
The wyvern completely misses you. The basilisk bites you.
* * * LOW HITPOINT WARNING * * *
The black bear bites you but does no damage.
The black bear claws you but does no damage.
The black bear claws you.
* * * LOW HITPOINT WARNING * * *
You turn to flesh and can move again.
As you read the scroll of teleportation, it crumbles to dust.
You feel strangely unstable. You block the wyvern's attack.
The basilisk bites you!
* * * LOW HITPOINT WARNING * * *
The black bear bites you.
You die...

P.PP...>... ..
....♣.....P .
....♣..P... #.
#.......... #.#
#....P..P..
#..##.♣h.......
#....#ll.....P #....@#
#########...#h.#
#...†††.[.........
#####.######.##.#######
......# .(.##..#
......## #.#####.#
.(.....###.# ..
..)<.......# #..
.......[#### ...


You could see a basilisk, 2 black bears and a wyvern.

Vanquished Creatures
  A rust devil (D:6)
  Sigmund (D:2)
  A wyvern (D:8)
  5 yaks (D:5)
  A steam dragon (D:6)
  3 water moccasins
  2 ice beasts
  2 orc warriors (D:6)
  2 wolves (D:8)
  A centaur (D:8)
  2 bullfrogs (D:7)
  A scorpion (D:4)
  3 killer bees (D:8)
  8 wights
  A howler monkey (D:7)
  An electric eel (D:7)
  A jelly (D:6)
  3 orc priests
  5 centaur zombies
  5 hounds
  A gnoll shaman (D:7)
  4 iguanas
  Natasha (D:4)
  5 orc wizards
  A hound zombie (D:5)
  A howler monkey zombie (D:5)
  3 gnolls (D:7)
  4 adders
  A shadow imp (D:7)
  2 ufetubi
  A worm (D:2)
  2 dart slugs
  23 orcs
  2 ball pythons (D:1)
  7 endoplasms
  3 giant cockroaches
  7 hobgoblins
  3 jackals (D:3)
  4 quokkas
  3 bats
  3 frilled lizards
  15 goblins
  10 kobolds
  6 rats
161 creatures vanquished.

Vanquished Creatures (others)
  4 fungi (D:8)
  12 plants
16 creatures vanquished.

Grand Total: 177 creatures vanquished

Notes
Turn   | Place    | Note
-------+----------+-------------------------------------------
     0 | D:1      | hawla the Draconian Conjurer began the quest for the Orb.
     0 | D:1      | Reached XP level 1. HP: 14/14 MP: 3/3
   174 | D:1      | Found a faded altar of an unknown god.
   617 | D:1      | Reached XP level 2. HP: 20/20 MP: 5/5
   626 | D:1      | Learned a level 2 spell: Searing Ray
   845 | D:1      | Reached skill level 1 in Translocations
  1864 | D:2      | Reached XP level 3. HP: 26/26 MP: 2/6
  2177 | D:2      | Noticed Sigmund
  3284 | D:2      | Killed Sigmund
  3285 | D:2      | Reached skill level 5 in Conjurations
  3285 | D:2      | Reached XP level 4. HP: 18/33 MP: 4/9
  3285 | D:2      | Reached XP level 5. HP: 21/38 MP: 4/10
  4077 | D:3      | Reached XP level 6. HP: 24/45 MP: 5/12
  4224 | D:2      | Learned a level 4 spell: Iskenderun's Mystic Blast
  4293 | D:3      | Found Ybruipirr's Book Shop.
  4379 | D:3      | Found a bloodstained altar of Trog.
  5191 | D:4      | Found a shimmering blue altar of Sif Muna.
  5347 | D:4      | Noticed Natasha
  5351 | D:4      | Killed Natasha
  5584 | D:5      | Entered Level 5 of the Dungeon
  5609 | D:5      | Your scales start taking on an icy white colour.
  5609 | D:5      | Reached XP level 7. HP: 45/50 MP: 0/14
  5609 | D:5      | Gained mutation: Your flesh is cold resistant. (rC+) [White
                  | Draconian growth]
  5949 | D:5      | Reached skill level 5 in Spellcasting
  6049 | D:5      | Reached skill level 5 in Translocations
  6112 | D:5      | Reached skill level 1 in Fighting
  6129 | D:5      | Reached skill level 1 in Shields
  6377 | D:5      | Noticed a yak
  6377 | D:5      | Noticed a yak
  6377 | D:5      | Noticed a yak
  6377 | D:5      | Noticed a yak
  6378 | D:5      | Noticed a yak
  6389 | D:5      | Killed a yak
  6390 | D:5      | Reached skill level 3 in Fighting
  6402 | D:5      | Killed a yak
  6403 | D:5      | Reached XP level 8. HP: 37/66 MP: 2/15
  6874 | D:5      | Reached skill level 4 in Fighting
  6880 | D:5      | Reached skill level 5 in Fighting
  7133 | D:5      | Reached skill level 6 in Fighting
  7483 | D:6      | Reached skill level 7 in Fighting
  7517 | D:6      | Reached skill level 1 in Evocations
  7648 | D:6      | Reached skill level 1 in Ice Magic
  7746 | D:6      | Noticed a rust devil
  7845 | D:6      | Killed a rust devil
  7846 | D:6      | Reached skill level 1 in Air Magic
  7846 | D:6      | Reached XP level 9. HP: 79/79 MP: 0/16
  7959 | D:6      | Found a staircase to the Ecumenical Temple.
  7998 | Temple   | Entered the Ecumenical Temple
  8172 | Temple   | Became a worshipper of Vehumet
  8247 | D:6      | Noticed an angel
  8778 | D:6      | Found Zucwoteh's Weapon Boutique.
  9358 | D:7      | Found a broken altar of Ashenzari.
  9804 | D:7      | Reached * piety under Vehumet
  9804 | D:7      | Offered knowledge of Foxfire by Vehumet.
 10736 | D:7      | Reached skill level 5 in Ice Magic
 11109 | D:8      | Reached skill level 1 in Maces & Flails
 11110 | D:8      | Reached XP level 10. HP: 72/88 MP: 3/19
 11232 | D:8      | Found a staircase to the Lair.
 11247 | D:8      | HP: 2/88 [basilisk (11)]
 11247 | D:8      | Slain by a black bear

Illustrated notes

Levels and vault maps discovered:
D:1:      saegor_arrival_simple_a, layout_basic, basic_ecumenical_altar,
          nrook_uturn, lemuel_flame_loot_1
D:2:      layout_rooms, uniq_sigmund
D:3:      layout_rooms, lightli_temple_of_fire, serial_shops, shop,
          grunt_ministairs_1
D:4:      kennysheep_the_goblin_king, layout_loops_ring,
          nicolae_sif_muna_little_library, uniq_natasha
D:5:      layout_basic
D:6:      layout_gridville, temple_garden, serial_shops, nicolae_diamond_shop,
          amcnicky_mini_rare_corridor_liquid
D:7:      layout_basic, mainiacjoe_overflow_24_doors, minmay_crystal_water
D:8:      layout_rooms, fedhas_ov_isle_minmay,
          nicolae_kikubaaqudgha_miasma_corner, minmay_lair_entry_grove,
          serial_shops, nicolae_stop_n_shop_1
Temple:   nicolae_temple_elliptical

Skill      XL: |  1  2  3  4  5  6  7  8  9 |
---------------+----------------------------+-----
Translocations | 1 2 3 4 5 |  5.0
Spellcasting   | 3 4 5 6 |  6.0
Conjurations   | 5 6 |  6.0
Fighting       | 3 7 |  7.7
Shields        | 3 4 |  4.0
Dodging        | 2 |  2.0
Stealth        | 2 |  2.0
Evocations     | 2 |  2.0
Ice Magic      | 2 5 |  5.8
Air Magic      | 1 4 |  4.4
Maces & Flails | 1 |  1.4

Action                   |  1- 3 |  4- 6 |  7- 9 | 10-12 || total
-------------------------+-------+-------+-------+-------++-------
Melee: Unarmed           |    64 |       |       |       ||    64
       Tailslap          |     9 |     2 |     7 |     1 ||    19
       Trident           |    15 |    37 |    66 |       ||   118
       Flail             |       |       |     8 |       ||     8
       Whip              |       |       |     6 |     4 ||    10
       Mace              |       |       |     5 |       ||     5
Throw: Javelin           |       |     8 |     3 |       ||    11
 Cast: Magic Dart        |    39 |     6 |     8 |       ||    53
       Searing Ray       |    24 |    26 |    64 |     1 ||   115
       Iskenderun's Myst |       |     2 |    39 |     2 ||    43
 Abil: Breathe Frost     |       |       |     1 |       ||     1
Evoke: Wand              |       |       |     3 |       ||     3
  Use: Scroll            |     1 |     8 |     9 |     1 ||    19
       Potion            |       |       |     3 |       ||     3
 Stab: Sleeping          |     1 |     1 |       |       ||     2
Armor: Skin              |    39 |    24 |    66 |    11 ||   140
Dodge: Dodged            |    65 |    41 |    95 |     8 ||   209
Block: Buckler           |       |     3 |    44 |     1 ||    48
